 Seeded DCSS version 0.26-a0-651-gb41185065b (webtiles) character file.

Game seed: 1594776617720414196 (custom seed)

211868 dracos369 the Bludgeoner (level 19, 0/206 HPs)
             Began as an Ogre Hunter on Sept 29, 2020.
             Was the Champion of Dithmenos.
             Slain by a death yak (3 damage)
             ... led by Polyphemus
             ... while petrified by you
             ... on level 4 of the Shoals on Oct 1, 2020.
             The game lasted 03:13:53 (49274 turns).

dracos369 the Bludgeoner (Ogre Hunter)             Turns: 49274, Time: 03:13:54

Health: 0/206      AC: 21    Str: 34    XL:     19   Next: 31%
Magic:  34/34      EV:  1    Int:  9    God:    Dithmenos [******]
Gold:   648        SH:  0    Dex: 17    Spells: 12/24 levels left

rFire    + . .     SeeInvis .   S - +9 giant club (drain)
rCold    . . .     Faith    .   (shield currently unavailable)
rNeg     + + +     Spirit   .   L - +7 swamp dragon scales
rPois    ∞         Reflect  .   K - +2 hat
rElec    +         Harm     .   h - +2 cloak {rCorr}
rCorr    +         Rampage  .   (gloves unavailable)
MR       +....                  (boots unavailable)
Stlth    ++++......             G - amulet of the Jumping Hero {Regen+ Str+5}
HPRegen  0.84/turn              O - ring "Laggiriu" {rN++ MP+9 Str+5 Int-5}
MPRegen  0.24/turn              I - ring of the Dragon {*Contam rElec rF+ Str+2 Dex+5, =R}

@: mighty, petrified, slowed, wreathed by umbra
A: large, unfitting armour, tough skin 1
a: Shadow Step, Shadow Form, Renounce Religion


You were on level 4 of the Shoals.
You worshipped Dithmenos.
Dithmenos was exalted by your worship.
You visited 7 branches of the dungeon, and saw 33 of its levels.
You visited 1 bazaar.
You also visited: Sewer, Ossuary, Gauntlet and Ice Cave.

You collected 5496 gold pieces.
You spent 4848 gold pieces at shops.

Inventory:

Hand Weapons
 S - a +9 giant club of draining (weapon)
Missiles
 c - 28 large rocks (quivered)
 d - 16 throwing nets
 f - 69 javelins
 r - 69 boomerangs
 Q - 12 silver boomerangs
 V - 5 curare-tipped darts
 Y - 4 datura-tipped darts
Armour
 h - a +2 cloak of preservation (worn)
 K - a +2 hat (worn)
 L - +7 swamp dragon scales (worn)
Jewellery
 l - an uncursed amulet of guardian spirit
 u - the ring of Ocoyvexa {*Slow rF+ rC+++ Int-5 SInv}
   (You acquired it on level 8 of the Dungeon)

   [ring of protection from fire]

   It affects your intelligence (-5).
   It protects you from fire.
   It renders you almost immune to cold.
   It lets you see invisible.
   It may slow you when you take damage.
 C - the ring "Puwefel" {*Slow EV+4 Str+8 Dex+3 Stlth+}
   (You found it in a Gauntlet)

   [ring of evasion]

   It affects your evasion (+4).
   It affects your strength (+8).
   It affects your dexterity (+3).
   It may slow you when you take damage.
   It makes you more stealthy.
 G - the amulet of the Jumping Hero (around neck) {Regen+ Str+5}
   (You found it on level 4 of the Shoals)

   [amulet of regeneration]

   It affects your strength (+5).
   It increases your rate of regeneration.
 I - the ring of the Dragon (right hand) {*Contam rElec rF+ Str+2 Dex+5, =R}
   (You found it in a Gauntlet)

   [ring of protection from fire]

   It affects your strength (+2).
   It affects your dexterity (+5).
   It protects you from fire.
   It insulates you from electricity.
   It causes magical contamination when unequipped.
 O - the ring "Laggiriu" (left hand) {rN++ MP+9 Str+5 Int-5}
   (You acquired it on level 8 of the Dungeon)

   [ring of magical power]

   It affects your strength (+5).
   It affects your intelligence (-5).
   It greatly protects you from negative energy.
   It affects your magic capacity (+9).
Wands
 a - a wand of enslavement (23)
 H - a wand of digging (21)
 T - a wand of acid (53)
 W - a wand of iceblast (21)
Scrolls
 b - 2 scrolls of fog
 e - 8 scrolls of teleportation
 g - 7 scrolls of identify
 i - 4 scrolls of holy word
 j - 6 scrolls of immolation
 q - 3 scrolls of summoning
 y - 6 scrolls of blinking
 A - a scroll of enchant armour
 B - 2 scrolls of silence
 E - a scroll of amnesia
 J - 4 scrolls of vulnerability
 M - 9 scrolls of fear
 U - 5 scrolls of magic mapping
Potions
 m - 2 potions of cancellation
 n - 11 potions of curing
 o - 3 potions of resistance
 s - 3 potions of invisibility
 t - 6 potions of heal wounds
 v - 2 potions of flight
 x - 2 potions of mutation
 z - 9 potions of stabbing
 D - 7 potions of ambrosia
 F - 2 potions of magic
 N - 8 potions of haste
 P - 7 potions of lignification
Miscellaneous
 p - a phantom mirror (inert)
 w - a box of beasts (3/3)
 R - a condenser vane (2/2)


   Skills:
 - Level 16.5 Fighting
 - Level 18.0 Maces & Flails
 - Level 16.2 Throwing
 - Level 5.0 Armour
 - Level 7.9 Dodging
 - Level 4.0 Stealth
 + Level 3.4 Spellcasting
 + Level 4.8 Translocations
 + Level 2.8 Transmutations
 + Level 2.9 Earth Magic
 - Level 8.0 Invocations
 - Level 9.0 Evocations


You had 12 spell levels left.
You knew the following spells:

 Your Spells              Type           Power        Failure   Level
a - Apportation           Tloc           ##....       5%          1
b - Blink                 Tloc           N/A          8%          2
g - Gell's Gravitas       Tloc           ##........   16%         3
o - Passage of Golubria   Tloc           N/A          45%         4
P - Passwall              Tmut/Erth      #.......     17%         2

Your spell library contained the following spells:

 Spells                   Type           Power        Failure   Level
 Sandblast                Erth           #.....       12%         1
 Lesser Beckoning         Tloc           ##........   16%         3
 Teleport Other           Tloc           ##......     16%         3
 Animate Skeleton         Necr           #.....       36%         1
 Corona                   Hex            #......      36%         1
 Magic Dart               Conj           #...         36%         1
 Pain                     Necr           #...         36%         1
 Shock                    Conj/Air       #...         36%         1
 Summon Small Mammal      Summ           #...         36%         1
 Call Imp                 Summ           #.......     50%         2
 Corpse Rot               Necr/Air       N/A          50%         2
 Ensorcelled Hibernation  Hex/Ice        #.....       50%         2
 Searing Ray              Conj           #.....       50%         2
 Sublimation of Blood     Necr           #.........   50%         2
 Swiftness                Air            #.......     50%         2
 Stone Arrow              Conj/Erth      #.....       54%         3
 Call Canine Familiar     Summ           #.......     75%         3
 Confusing Touch          Hex            #.......     75%         3
 Dazzling Flash           Conj/Hex       #.....       75%         3
 Static Discharge         Conj/Air       #.......     75%         3
 Summon Guardian Golem    Hex/Summ       #.......     75%         3
 Tukima's Dance           Hex            #.......     75%         3
 Vampiric Draining        Necr           #.........   75%         3
 Petrify                  Tmut/Erth      #.......     75%         4
 Iskenderun's Mystic Bla  Conj/Tloc      #.......     80%         4
 Lee's Rapid Deconstruct  Erth           #.........   97%         5
 Airstrike                Air            #.........   98%         4
 Animate Dead             Necr           #.........   98%         4
 Dispel Undead            Necr           #.......     98%         4
 Fulminant Prism          Conj/Hex       #.........   98%         4
 Summon Ice Beast         Ice/Summ       #.......     98%         4
 Summon Lightning Spire   Summ/Air       #.......     98%         4
 Summon Forest            Summ/Tloc      #.........   98%         5
 Alistair's Intoxication  Tmut/Pois      #........    99%         5
 Agony                    Necr           #.......     100%        5
 Excruciating Wounds      Necr           #.........   100%        5
 Lightning Bolt           Conj/Air       #.........   100%        5
 Summon Demon             Summ           #.........   100%        5
 Summon Mana Viper        Hex/Summ       #.......     100%        5
 Eringya's Noxious Bog    Tmut/Pois      #.........   100%        6
 Hydra Form               Tmut           #.........   100%        6
 Invisibility             Hex            #.......     100%        6
 Shadow Creatures         Summ           N/A          100%        6
 Spellforged Servitor     Conj/Summ      #.........   100%        7
 Summon Hydra             Summ           #.........   100%        7


Dungeon Overview and Level Annotations

Branches:
Dungeon (15/15)            Temple (1/1) D:5            Lair (6/6) D:11
 Shoals (4/4) Lair:4        Snake (3/4) Lair:4        Slime (0/5) Lair:5
    Orc (2/2) D:12            Elf (2/3) Orc:2        Vaults (0/5) D:13
 Depths (0/5) D:15          Sewer (visited)         Ossuary (visited)
  IceCv (visited)         Gauntlet (visited)

Altars:
Ashenzari
Cheibriados
Dithmenos
Elyvilon
Fedhas
Gozag
Hepliaklqana
Kikubaaqudgha
Makhleb
Nemelex Xobeh
Okawaru
Qazlal
Ru
Sif Muna
Trog
Uskayaw
Vehumet
Wu Jian
Xom
Yredelemnul
Zin
The Shining One
Beogh

Shops:
D:5 !!   D:12 =   D:13 *   D:14 ?   D:15 [   Orc:2 [}![[   Shoals:3 [
Snake:1 =}}

Annotations:
Shoals:2 3 runed translucent doors, Hymn's ghost, journeyman DDFi
Shoals:4 Polyphemus
Elf:2 3 runed translucent doors


Innate Abilities, Weirdness & Mutations

You are too large for most types of armour.
You have tough skin. (AC +1)


Message History

The catoblepas gores you!
* * * LOW HITPOINT WARNING * * *
The faun is engulfed in calcifying dust.
The faun stops moving altogether!
The faun points at you and mumbles some strange words.
You resist with almost no effort.
The death yak gores you but does no damage. x2
The death yak is engulfed in calcifying dust.
The death yak is moving more slowly.
The death yak gores you!
* * * LOW HITPOINT WARNING * * *
The death yak gores you but does no damage.
You are engulfed in calcifying dust.
The catoblepas gores you but does no damage.
The faun is engulfed in calcifying dust.
The death yak gores you but does no damage.
The faun hits you but does no damage. The death yak gores you!
* * * LOW HITPOINT WARNING * * *
The death yak is engulfed in calcifying dust.
The death yak stops moving altogether!
The death yak gores you.
You die...

..≈ ≈≈P≈ ... ≈≈P≈ ###
≈≈≈≈. ####### ≈≈≈≈.#
#≈≈≈#≈###.≈≈.≈# #
≈≈≈≈≈≈≈##.≈≈≈..#### #≈.
≈≈#≈#≈###.≈≈≈≈.≈#≈##≈≈..
≈≈≈≈≈≈≈#≈.≈≈≈≈≈C(Y......
#≈#≈#≈###.≈≈≈≈≈Y@Yc.....
≈≈≈≈≈≈≈#≈.≈≈≈≈≈YYc......
)≈##≈≈###.≈≈≈≈≈≈≈cc.....
#######≈≈≈≈≈≈≈≈≈≈≈≈.....
###≈≈.≈≈≈≈≈≈≈≈≈≈≈≈≈≈≈≈≈.
.......≈≈≈≈≈≈≈≈≈≈≈≈≈≈≈≈≈
≈......≈≈≈≈≈≈≈≈≈≈≈≈≈≈≈≈≈
≈≈≈...≈≈≈≈≈≈≈≈≈≈≈≈≈≈≈≈≈.
≈≈≈≈≈≈≈≈≈≈≈≈≈≈≈


You could see Polyphemus (drained), 4 death yaks, a catoblepas, a satyr
(petrified) and 3 fauns.

Vanquished Creatures
  Mara (Shoals:4)
  Vashnia (Snake:2)
  A kraken (Shoals:3)
  Gastronok (D:12)
  Frances (D:13)
  Donald (Snake:1)
  Kirke (D:15)
  2 nagarajas
  Louise (Snake:2)
  Aizul (Lair:4)
  Azrael (D:13)
  3 minotaurs
  5 dire elephants (Lair:6)
  4 merfolk impalers
  A great orb of eyes (Gauntlet)
  2 vault guards (D:13)
  Erolcha (D:13)
  Fannar (D:12)
  6 naga warriors
  A merfolk aquamancer (Shoals:1)
  7 anacondas
  A death knight (D:12)
  2 merfolk avatars (Shoals:3)
  6 two-headed ogres
  13 dancing weapons
  6 centaur warriors
  A death scarab (Gauntlet)
  2 satyrs
  A tengu warrior (D:15)
  An orc high priest (Elf:2)
  10 death yaks
  7 shock serpents
  The ghost of Lunath the Gouger, a journeyman FeBe of Trog (Lair:5)
  Sonja (Lair:3)
  9 naga sharpshooters
  10 deep elf knights
  A salamander mystic (Snake:3)
  5 unseen horrors
  10 skeletal warriors
  An obsidian statue (Elf:2)
  6 naga ritualists
  7 sea snakes
  A wizard (D:13)
  A glowing orange brain (D:15)
  A spectral hydra (Gauntlet)
  A harpy (Shoals:4)
  5 deep elf archers (Elf:1)
  5 orc knights
  6 ugly things
  9 mana vipers
  3 orc sorcerers
  18 fauns
  A wolf spider (D:12)
  7 cyclopes
  11 manticores
  31 deep elf magi
  4 centaur zombies
  A manticore (shapeshifter) (Elf:1)
  6 merfolk sirens
  A guardian serpent (shapeshifter) (Gauntlet)
  12 elephants
  3 salamanders (Snake:3)
  A torpor snail (Lair:3)
  7 guardian serpents
  37 black mambas
  4 water nymphs
  Psyche (D:8)
  2 ice statues (IceCv)
  15 naga magi
  Maggie (D:8)
  3 gargoyles
  17 cane toads
  2 centaur skeletons (D:13)
  A komodo dragon (shapeshifter) (D:15)
  2 rime drakes
  A kobold demonologist (D:15)
  A minotaur zombie (Gauntlet)
  A freezing wraith (D:15)
  7 komodo dragons
  10 yaktaurs
  A tengu conjurer (D:15)
  34 merfolk
  A harpy zombie (D:15)
  9 trolls
  2 polar bears (Lair:6)
  A queen bee (shapeshifter) (D:15)
  6 wind drakes
  Grinder (D:4)
  A polar bear (shapeshifter) (D:15)
  16 slime creatures
  2 hornets (D:14)
  A snapping turtle (shapeshifter) (Gauntlet)
  18 dream sheep
  6 blink frogs
  3 snapping turtles
  11 hippogriffs
  An air elemental (Elf:1)
  3 wraiths
  3 hogs (D:15)
  A basilisk (shapeshifter) (D:15)
  A wyvern (shapeshifter) (Gauntlet)
  5 fire elementals
  12 water elementals
  A fire bat (Lair:3)
  20 humans (D:13)
  43 yaks
  3 wyverns
  5 basilisks
  2 steam dragons (D:6)
  6 vampire mosquitoes
  3 wargs
  32 nagas
  2 acid dragons (D:13)
  A soldier ant (D:12)
  4 hell hounds (D:13)
  9 water moccasins
  15 porcupines
  4 sky beasts
  An eye of draining (D:15)
  7 black bears
  9 ice beasts
  39 orc warriors
  A black bear (shapeshifter) (D:15)
  13 wolves
  8 ogres
  26 centaurs
  13 crocodiles
  A big kobold (D:9)
  An earth elemental (Elf:1)
  22 bullfrogs
  7 water moccasin zombies (Ossuary)
  6 scorpions
  A water moccasin skeleton (D:11)
  A scorpion (shapeshifter) (D:15)
  10 killer bees
  5 jellies
  5 electric eels
  23 wights
  2 bullfrog zombies
  2 quasits
  5 hounds
  16 orc priests
  5 bullfrog skeletons
  An iron imp (D:7)
  27 orc wizards
  Ijyb (D:3)
  Natasha (thrice) (D:3)
  6 iguanas
  15 worker ants
  A killer bee zombie (D:9)
  2 big kobold zombies (Ossuary)
  2 hound zombies
  A hound skeleton (D:8)
  2 mummies (Ossuary)
  A worker ant zombie (D:10)
  13 gnolls
  16 adders
  2 river rats (D:3)
  A shadow imp (D:5)
  13 white imps
  An ufetubus (D:6)
  3 oozes
  2 adder skeletons
  2 adder zombies (Ossuary)
  2 worms (D:2)
  4 dart slugs
  8 leopard geckos
  95 orcs
  4 ball pythons
  4 bats
  6 giant cockroaches
  A hobgoblin (D:2)
  12 jackals
  5 quokkas
  2 frilled lizards (D:1)
  4 gnoll zombies (Ossuary)
  8 goblins
  2 hobgoblin zombies (Ossuary)
  27 kobolds
  8 kobold zombies (Ossuary)
  8 orc zombies (Ossuary)
  17 rats
  3 tentacles (Shoals:3)
1237 creatures vanquished.

Vanquished Creatures (others)
  An orc warrior (Elf:2)
  79 fungi
  105 plants
  9 tentacles (Shoals:3)
194 creatures vanquished.

Grand Total: 1431 creatures vanquished

Notes
Turn   | Place    | Note
-------+----------+-------------------------------------------
     0 | D:1      | dracos369 the Ogre Hunter began the quest for the Orb.
     0 | D:1      | Reached XP level 1. HP: 22/22 MP: 1/1
   169 | D:1      | Reached XP level 2. HP: 26/31 MP: 2/2
   571 | D:1      | Reached XP level 3. HP: 39/39 MP: 3/3
   963 | D:2      | Noticed a black bear
   970 | D:2      | Killed a black bear
   970 | D:2      | Reached skill level 5 in Fighting
   970 | D:2      | Reached skill level 5 in Throwing
   970 | D:2      | Reached XP level 4. HP: 50/50 MP: 4/4
   970 | D:2      | Reached XP level 5. HP: 57/57 MP: 5/5
  1485 | D:2      | Found a broken altar of Ashenzari.
  2002 | D:3      | Found a shadowy altar of Dithmenos.
  2007 | D:3      | Became a worshipper of Dithmenos the Shadowed
  2436 | D:3      | Found a glowing drain.
  2440 | Sewer    | Entered a sewer
  2802 | Sewer    | Reached XP level 6. HP: 60/66 MP: 6/6
  2847 | Sewer    | Reached * piety under Dithmenos
  3104 | D:3      | Noticed Ijyb
  3398 | D:3      | Killed Ijyb
  3425 | D:3      | Found an iron altar of Okawaru.
  3450 | D:3      | You fall into a shaft and drop 1 floor!
  3466 | D:4      | Noticed Grinder
  3471 | D:3      | Noticed Natasha
  3475 | D:3      | Killed Natasha
  3508 | D:3      | Noticed Natasha
  3513 | D:3      | Reached skill level 1 in Maces & Flails
  3528 | D:3      | Killed Natasha
  3536 | D:3      | Reached XP level 7. HP: 8/75 MP: 1/7
  3775 | D:3      | Noticed Natasha
  3791 | D:3      | Killed Natasha
  3953 | D:3      | Found a hazy altar of Hepliaklqana.
  3953 | D:3      | Found an iron altar of Okawaru.
  3953 | D:3      | Found an ancient bone altar of Kikubaaqudgha.
  3953 | D:3      | Found a sparkling altar of Nemelex Xobeh.
  3960 | D:3      | Found a burning altar of Makhleb.
  3964 | D:3      | Found a sacrificial altar of Ru.
  4032 | D:3      | Reached ** piety under Dithmenos
  4341 | D:4      | Reached skill level 2 in Maces & Flails
  4879 | D:4      | Paralysed by Grinder for 2 turns
  4881 | D:4      | Killed Grinder
  4881 | D:4      | Reached skill level 3 in Maces & Flails
  4881 | D:4      | Reached XP level 8. HP: 7/87 MP: 1/8
  5583 | D:5      | Entered Level 5 of the Dungeon
  5690 | D:5      | Reached skill level 4 in Maces & Flails
  6100 | D:5      | Found a staircase to the Ecumenical Temple.
  6120 | Temple   | Entered the Ecumenical Temple
  6698 | D:5      | Found Xoh Sabu's Distillery.
  6725 | D:5      | Bought a potion of mutation for 96 gold pieces
  6725 | D:5      | Bought a potion of ambrosia for 96 gold pieces
  6840 | D:5      | Got an encrusted falchion
  6841 | D:5      | Identified the +6 falchion "Yphuf" {protect, +Inv Str+2}
                  | (You found it on level 5 of the Dungeon)
  6845 | D:5      | Found Vugeddi's Distillery.
  7039 | D:5      | Reached *** piety under Dithmenos
  7367 | D:5      | Reached XP level 9. HP: 47/97 MP: 5/9
  8123 | D:6      | Reached skill level 10 in Fighting
  8217 | D:6      | Noticed a deep elf mage
  8222 | D:6      | Killed a deep elf mage
  8954 | D:7      | Found a sand-covered staircase.
  8981 | Ossuary  | Entered an ossuary
  8989 | Ossuary  | Reached XP level 10. HP: 114/114 MP: 8/10
  9013 | Ossuary  | Reached **** piety under Dithmenos
  9661 | D:7      | Found a snail-covered altar of Cheibriados.
 10084 | D:7      | Reached skill level 5 in Maces & Flails
 10223 | D:8      | Noticed Maggie
 10232 | D:8      | Killed Maggie
 10232 | D:8      | Reached skill level 10 in Throwing
 10429 | D:8      | Noticed Psyche
 10436 | D:8      | Killed Psyche
 10503 | D:8      | Reached ***** piety under Dithmenos
 10741 | D:8      | Identified 3 scrolls of acquirement
 10741 | D:8      | Acquired the ring of Ocoyvexa {*Slow rF+ rC+++ Int-5 SInv}
 10743 | D:8      | Acquired the ring "Laggiriu" {rN++ MP+9 Str+5 Int-5}
 10746 | D:8      | Acquired a +2 cloak of preservation
 11038 | D:8      | Noticed a moth of wrath
 11041 | D:8      | Found a bloodstained altar of Trog.
 11638 | D:9      | Reached skill level 6 in Maces & Flails
 11761 | D:9      | Noticed a two-headed ogre
 11769 | D:9      | Killed a two-headed ogre
 11870 | D:9      | Acquired 753 gold pieces
 11964 | D:5      | Bought a potion of haste for 120 gold pieces
 11964 | D:5      | Bought a potion of haste for 120 gold pieces
 11964 | D:5      | Bought a potion of heal wounds for 60 gold pieces
 11964 | D:5      | Bought a potion of haste for 120 gold pieces
 11964 | D:5      | Bought a potion of ambrosia for 96 gold pieces
 11964 | D:5      | Bought a potion of berserk rage for 60 gold pieces
 11964 | D:5      | Bought a potion of curing for 36 gold pieces
 11964 | D:5      | Bought a potion of curing for 36 gold pieces
 12015 | D:5      | Bought 2 potions of heal wounds for 140 gold pieces
 12015 | D:5      | Bought a potion of curing for 42 gold pieces
 12015 | D:5      | Bought a potion of cancellation for 112 gold pieces
 12615 | D:9      | Noticed a two-headed ogre
 12622 | D:9      | Killed a two-headed ogre
 12622 | D:9      | Reached skill level 7 in Maces & Flails
 12622 | D:9      | Reached XP level 11. HP: 105/124 MP: 11/11
 12918 | D:10     | Entered Level 10 of the Dungeon
 13196 | D:10     | Noticed a two-headed ogre
 13203 | D:10     | Killed a two-headed ogre
 14114 | D:10     | Reached skill level 8 in Maces & Flails
 14291 | D:11     | Found a staircase to the Lair.
 14509 | D:11     | Noticed a brown ugly thing
 14524 | D:11     | Killed a brown ugly thing
 15109 | D:11     | Noticed an unseen horror
 15123 | D:11     | Killed an unseen horror
 15123 | D:11     | Reached skill level 9 in Maces & Flails
 15287 | D:11     | Reached skill level 5 in Dodging
 15679 | D:11     | Reached XP level 12. HP: 136/136 MP: 12/12
 15695 | D:11     | Noticed a death yak
 15712 | D:11     | Noticed a death yak
 15725 | D:11     | Killed a death yak
 15728 | D:11     | Killed a death yak
 16005 | D:11     | Reached skill level 10 in Maces & Flails
 16138 | D:11     | Noticed a minotaur
 16409 | Lair:1   | Entered Level 1 of the Lair of Beasts
 16454 | Lair:1   | Reached skill level 1 in Evocations
 16753 | Lair:1   | Reached ****** piety under Dithmenos
 18729 | Lair:2   | Reached skill level 11 in Maces & Flails
 18964 | Lair:3   | Paralysed by a hornet for 2 turns
 19050 | Lair:3   | Reached XP level 13. HP: 55/144 MP: 13/13
 19569 | Lair:3   | Noticed Sonja
 19577 | Lair:3   | Killed Sonja
 20714 | Lair:4   | Found a staircase to the Snake Pit.
 20797 | Lair:4   | Acquired 1005 gold pieces
 21005 | Lair:4   | Reached skill level 12 in Maces & Flails
 21582 | Lair:4   | Found a staircase to the Shoals.
 21683 | Lair:5   | Found a frozen archway.
 21727 | IceCv    | Entered an ice cave
 21748 | IceCv    | Found a transporter.
 21948 | IceCv    | Found a transporter.
 21974 | IceCv    | Got a warped silver amulet
 21975 | IceCv    | Identified the amulet of Nacriq {Inacc rElec Int+5} (You
                  | found it in an ice cave)
 22029 | Lair:5   | Found a gate leading to a gauntlet.
 22047 | Gauntlet | Entered a Gauntlet
 22047 | Gauntlet | Found a transporter.
 22047 | Gauntlet | Found a transporter.
 22091 | Gauntlet | Found a transporter.
 22091 | Gauntlet | Found a transporter.
 22100 | Gauntlet | Found a transporter.
 22103 | Gauntlet | Noticed a dire elephant
 22104 | Gauntlet | Found a large runed translucent door.
 22117 | Gauntlet | Found a transporter.
 22123 | Gauntlet | Found a transporter.
 22123 | Gauntlet | Found a transporter.
 22127 | Gauntlet | Found a transporter.
 22139 | Gauntlet | Noticed a great orb of eyes
 22154 | Gauntlet | Found a transporter.
 22161 | Gauntlet | Found a transporter.
 22208 | Gauntlet | Found a transporter.
 22218 | Gauntlet | Found a transporter.
 22220 | Gauntlet | Noticed a death ooze
 22232 | Gauntlet | Found a transporter.
 22334 | Gauntlet | Found a transporter.
 22336 | Gauntlet | Found a large runed translucent door.
 22336 | Gauntlet | Found a large runed translucent door.
 22337 | Gauntlet | Found a large runed translucent door.
 22337 | Gauntlet | Found a large runed translucent door.
 22338 | Gauntlet | Found a runed translucent door.
 22338 | Gauntlet | Found a large runed translucent door.
 22338 | Gauntlet | Found a runed translucent door.
 22338 | Gauntlet | Found a large runed translucent door.
 22338 | Gauntlet | Found a large runed translucent door.
 22339 | Gauntlet | Found a large runed translucent door.
 22339 | Gauntlet | Found a large runed translucent door.
 22342 | Gauntlet | Found a large runed translucent door.
 22342 | Gauntlet | Found a large runed translucent door.
 22344 | Gauntlet | Found a large runed translucent door.
 22344 | Gauntlet | Found a large runed translucent door.
 22344 | Gauntlet | Found a large runed translucent door.
 22346 | Gauntlet | Found a runed translucent gate.
 22346 | Gauntlet | Found a runed translucent gate.
 22346 | Gauntlet | Found a runed translucent gate.
 22348 | Gauntlet | Found a transporter.
 22359 | Gauntlet | Found a large runed translucent door.
 22762 | Gauntlet | Got a scintillating brass ring
 22769 | Gauntlet | Identified the ring "Puwefel" {*Slow EV+4 Str+8 Dex+3
                  | Stlth+} (You found it in a Gauntlet)
 22797 | Gauntlet | Killed a great orb of eyes
 22797 | Gauntlet | Reached skill level 1 in Armour
 22916 | Gauntlet | Got a clouded turquoise ring
 22919 | Gauntlet | Got a fine silver ring
 22922 | Gauntlet | Identified the ring of Pyprash {Fire SInv} (You found it in
                  | a Gauntlet)
 22923 | Gauntlet | Identified the ring of the Dragon {*Contam rElec rF+ Str+2
                  | Dex+5} (You found it in a Gauntlet)
 22951 | Gauntlet | Noticed a minotaur
 22961 | Gauntlet | Killed a minotaur
 22961 | Gauntlet | Reached skill level 5 in Evocations
 22962 | Gauntlet | Identified the Guide on Hurtful Sinister Secrets
 23460 | Lair:5   | Reached XP level 14. HP: 153/153 MP: 14/14
 23845 | Lair:5   | Found a runed translucent door.
 23845 | Lair:5   | Noticed Lunath's ghost (journeyman FeBe)
 24092 | Lair:5   | Killed Lunath's ghost
 24420 | Lair:5   | Found a staircase to the Slime Pits.
 24484 | Lair:6   | Entered Level 6 of the Lair of Beasts
 24994 | Lair:6   | Reached skill level 13 in Maces & Flails
 25549 | Lair:6   | Noticed a dire elephant
 25549 | Lair:6   | Noticed a dire elephant
 25560 | Lair:6   | Killed a dire elephant
 25574 | Lair:6   | Killed a dire elephant
 25636 | Lair:6   | Noticed a dire elephant
 25643 | Lair:6   | Killed a dire elephant
 25664 | Lair:6   | Identified the +4 longbow "Acarine's Peril" {venom, rPois}
                  | (You found it on level 6 of the Lair of Beasts)
 25770 | Lair:6   | Noticed a dire elephant
 25784 | Lair:6   | Killed a dire elephant
 26039 | Lair:6   | Noticed a dire elephant
 26047 | Lair:6   | Killed a dire elephant
 27287 | D:12     | Found Yhinn's Jewellery Shop.
 27304 | D:12     | Reached XP level 15. HP: 154/159 MP: 15/15
 27364 | D:12     | Noticed Fannar
 27374 | D:12     | Killed Fannar
 27640 | D:12     | Reached skill level 14 in Maces & Flails
 28170 | D:12     | Found a staircase to the Orcish Mines.
 28282 | D:12     | Noticed Gastronok
 28291 | D:12     | Killed Gastronok
 28291 | D:12     | Reached skill level 5 in Armour
 28378 | Orc:1    | Entered Level 1 of the Orcish Mines
 28378 | Orc:1    | Found a burning altar of Makhleb.
 29042 | Orc:2    | Entered Level 2 of the Orcish Mines
 29047 | Orc:2    | Paralysed by an orc sorcerer for 3 turns
 29196 | Orc:2    | Found Ozyvoila's Antique Armour Emporium.
 30191 | Orc:2    | Found a staircase to the Elven Halls.
 30309 | Orc:2    | Found a roughly hewn altar of Beogh.
 30706 | Orc:2    | Found Luaf's Gadget Shoppe.
 30706 | Orc:2    | Found Ovargh's Distillery.
 30708 | Orc:2    | Found Abrirph's Armour Shop.
 30710 | Orc:2    | Found Zetoa's Antique Armour Emporium.
 30722 | Orc:2    | Bought shiny swamp dragon scales for 1325 gold pieces
 30998 | Snake:1  | Entered Level 1 of the Snake Pit
 30998 | Snake:1  | Noticed Aizul
 31021 | Lair:4   | Killed Aizul
 31025 | Lair:4   | Reached skill level 1 in Stealth
 31337 | Snake:1  | You fall into a shaft and drop 1 floor!
 31376 | Snake:2  | Noticed Vashnia
 32281 | Snake:1  | Noticed Donald
 32290 | Snake:1  | Killed Donald
 32556 | Snake:1  | Found Gydd's Gadget Shoppe.
 32557 | Snake:1  | Found Pidurilu's Jewellery Boutique.
 32558 | Snake:1  | Found Liontud's Gadget Shoppe.
 32732 | Snake:1  | Reached XP level 16. HP: 171/171 MP: 16/16
 32853 | Snake:1  | Reached skill level 15 in Maces & Flails
 33489 | Snake:2  | You fall into a shaft and drop 1 floor!
 34288 | Snake:3  | Noticed a nagaraja
 34298 | Snake:3  | Killed a nagaraja
 35002 | Snake:2  | Noticed a nagaraja
 35006 | Snake:2  | Killed a nagaraja
 35015 | Snake:2  | Noticed Louise
 35080 | Snake:2  | Killed Louise
 35205 | Snake:2  | Killed Vashnia
 35919 | Snake:2  | Learned a level 1 spell: Apportation
 36369 | Snake:3  | Reached skill level 15 in Throwing
 36496 | Snake:3  | Reached XP level 17. HP: 182/182 MP: 17/17
 36527 | Snake:3  | Reached skill level 15 in Fighting
 36889 | Snake:3  | Reached skill level 16 in Maces & Flails
 37290 | Shoals:1 | Entered Level 1 of the Shoals
 37431 | Shoals:1 | Reached skill level 1 in Invocations
 39061 | Shoals:2 | Found a runed translucent gate.
 39062 | Shoals:2 | Found a runed translucent gate.
 39063 | Shoals:2 | Found a runed translucent gate.
 39066 | Shoals:2 | Noticed Hymn's ghost (journeyman DDFi)
 40765 | Shoals:3 | Noticed a kraken
 40787 | Shoals:3 | Killed a kraken
 41461 | Shoals:3 | Found Pakoq's Antique Armour Shoppe.
 41891 | Elf:1    | Entered Level 1 of the Elven Halls
 41956 | Elf:1    | Reached skill level 5 in Invocations
 42292 | Elf:1    | Identified the cursed +0 ring mail of the Cooper {+Blink
                  | rF+ rC+++ Str-2} (You found it on level 1 of the Elven
                  | Halls)
 42346 | Elf:1    | Reached XP level 18. HP: 196/196 MP: 21/21
 42358 | Elf:1    | Learned a level 2 spell: Blink
 42426 | Elf:1    | Reached skill level 17 in Maces & Flails
 43398 | Elf:2    | Found a runed translucent gate.
 43398 | Elf:2    | Found a runed translucent gate.
 43398 | Elf:2    | Found the +8 demon blade "Leech" {vamp, *Rage +Rage rN+}
 43399 | Elf:2    | Found a runed translucent gate.
 43647 | Elf:2    | Found a gateway to a bazaar.
 44151 | Elf:2    | Learned a level 2 spell: Passwall
 44197 | Bazaar   | Entered a bazaar
 44197 | Bazaar   | Found Timp's Antique Weapon Shop.
 44197 | Bazaar   | Found Touf Zycw's Assorted Antiques.
 44197 | Bazaar   | Found Itsuvott's Antique Armour Boutique.
 44197 | Bazaar   | Found Xemarch's Magic Scroll Boutique.
 44197 | Bazaar   | Found Myxzamae's Armour Boutique.
 44197 | Bazaar   | Found Donann's Antique Armour Shop.
 44221 | Bazaar   | Bought 2 scrolls of enchant armour for 135 gold pieces
 44221 | Bazaar   | Bought a scroll of enchant armour for 67 gold pieces
 44234 | Bazaar   | Bought a potion of curing for 63 gold pieces
 44234 | Bazaar   | Bought a scroll of holy word for 157 gold pieces
 44234 | Bazaar   | Bought a potion of might for 84 gold pieces
 44234 | Bazaar   | Bought a potion of curing for 63 gold pieces
 44552 | Snake:1  | Bought a phantom mirror for 390 gold pieces
 44552 | Snake:1  | Bought a box of beasts (3/3) for 260 gold pieces
 44780 | D:13     | Noticed Frances
 44791 | D:13     | Killed Frances
 44816 | D:13     | Reached skill level 1 in Translocations
 44971 | D:13     | Noticed Erolcha
 44977 | D:13     | Killed Erolcha
 45066 | D:13     | Found Bisuff's Assorted Antiques.
 45069 | D:13     | Bought a paperback book for 450 gold pieces
 45237 | D:13     | Noticed Azrael
 45258 | D:13     | Killed Azrael
 45894 | D:13     | Identified the +5 scimitar "Miawaemu" {vorpal, MR+} (You
                  | found it on level 13 of the Dungeon)
 45901 | D:13     | Found a gate to the Vaults.
 46912 | D:14     | Found Moesoih's Magic Scroll Boutique.
 46917 | D:14     | Bought a scroll of blinking for 120 gold pieces
 46917 | D:14     | Bought 3 scrolls of enchant weapon for 360 gold pieces
 46920 | D:14     | Bought a scroll of enchant weapon for 120 gold pieces
 46920 | D:14     | Bought a scroll of enchant weapon for 120 gold pieces
 47153 | D:15     | Entered Level 15 of the Dungeon
 47164 | D:15     | Found Qynn's Armour Shop.
 47307 | D:15     | Noticed Kirke
 47590 | D:15     | Reached skill level 18 in Maces & Flails
 47598 | D:15     | Reached XP level 19. HP: 178/206 MP: 21/25
 47852 | D:15     | Killed Kirke
 47852 | D:15     | Reached skill level 1 in Spellcasting
 47912 | D:15     | Reached skill level 1 in Earth Magic
 47917 | D:15     | Reached skill level 1 in Transmutations
 47962 | D:15     | Found a staircase to the Depths.
 48065 | D:15     | Learned a level 4 spell: Passage of Golubria
 48353 | Shoals:4 | Entered Level 4 of the Shoals
 48574 | Shoals:4 | Noticed Mara
 48581 | Shoals:4 | Noticed dracos369's illusion
 48601 | Shoals:4 | Killed Mara
 48607 | Shoals:4 | Learned a level 3 spell: Gell's Gravitas
 49152 | Shoals:4 | Got a bound diamond amulet
 49153 | Shoals:4 | Identified the amulet of the Jumping Hero {Regen+ Str+5}
                  | (You found it on level 4 of the Shoals)
 49260 | Shoals:4 | Noticed Polyphemus
 49273 | Shoals:4 | HP: 9/206 [death yak[Polyphemus] (4)]
 49274 | Shoals:4 | HP: 3/206 [death yak[Polyphemus] (7)]
 49274 | Shoals:4 | Slain by a death yak

Illustrated notes

Levels and vault maps discovered:
D:1:      matt_arrival_los_fun, layout_rooms, minmay_strange_pillars
D:2:      wander_river, layout_loops_ring, overflow_temple_1_default
D:3:      layout_rooms, grunt_dithmenos_smoke_and_mirrors,
          minmay_overflow_temple_hex, gup_sewer_entry_bowl,
          kennysheep_okawaru_gauntlet, uniq_ijyb, uniq_natasha
D:4:      layout_basic, uniq_grinder
D:5:      minmay_chambers_of_threes, layout_basic, minmay_temple_entry_arrows,
          serial_shops, shop, shop_fountains
D:6:      cheibrodos_steamvent, layout_rooms, guppyfry_early_elven_hall
D:7:      layout_gridville, nicolae_ossuary_entry_monument, chei_slow_surprise
D:8:      layout_loops_cross, tgw_trog, uniq_maggie, uniq_psyche
D:9:      layout_cave_pods, minmay_fractal_squares_5
D:10:     layout_irregular_city, kennysheep_flooded_box
D:11:     fort_yaktaur, layout_irregular_city, due_lair_maze_entry_diamond,
          serial_column_ruins, column_ruins_grid_3,
          column_ruins_corridor_straight, column_ruins_open_medium,
          nrook_guardian_serpent_double
D:12:     layout_roguey, serial_shops, shop, wad_mini_maze, uniq_gastronok,
          uniq_fannar
D:13:     layout_rooms, grunt_vaults_entry_tiered, serial_shops,
          kennysheep_mini_moat, patterned_corridor, uniq_azrael, uniq_frances,
          uniq_erolcha
D:14:     layout_long_grid, serial_shops, nicolae_shop_behind_doors,
          minmay_strange_pillars, roderic_nine_men_s_morris
D:15:     gammafunk_enter_depths_forms, layout_basic,
          hangedman_abyss_or_decor_slice, serial_shops, shop,
          minmay_mirror_moons_of_madness, uniq_kirke
Temple:   nicolae_temple_figure_eight
Lair:1:   layout_regular_city, beast_lair_carwin_5
Lair:2:   layout_misc_corridors, serial_bayou_lagoon_b
Lair:3:   minmay_lair_venomous_thicket, layout_gridlike, uniq_sonja
Lair:4:   layout_roguey, minmay_shoals_entry_hut, dummy_snake_entry,
          grunt_megastairs_4
Lair:5:   layout_regular_city, slime_dummy, ebering_ghost_reflecting_pool,
          portal_ice_cave_entry_imps, gauntlet_entry_generic,
          lemuel_fruit_fields, grunt_megastairs_1
Lair:6:   due_jungle_book, layout_misc_corridors, infiniplex_staircase_pool_2,
          lemuel_fruit_fields
Shoals:1: layout_shoals, nicolae_shoals_flooded_hall
Shoals:2: layout_shoals, gammafunk_ghost_tricky_traps
Shoals:3: layout_shoals, serial_shops, nicolae_shop_statue_plus
Shoals:4: shoals_end_grunt_ice, layout_shoals, uniq_polyphemus, uniq_mara
Snake:1:  layout_chambers, minmay_shop_grove, grunt_megastairs_3,
          lemuel_fruit_tree, uniq_aizul, uniq_donald
Snake:2:  cheibrodos_snake_ritualist_ritual, layout_honeycomb, uniq_vashnia,
          uniq_louise
Snake:3:  layout_chambers
Orc:1:    layout_caves, basic_altar, minmay_orc_barracks
Orc:2:    st_orc_rangers, layout_caves, basic_altar, serial_shops, shop
Elf:1:    kennysheep_spiral_hall, layout_geoelf_diagonals,
          minmay_elf_crystal_hexagon, grunt_ministairs_11,
          hangedman_elven_ridges
Elf:2:    layout_geoelf_octagon, serial_shops, statue_bzr, due_unseen_surprise

Skill      XL: |  1  2  3  4  5  6  7  8  9 10 11 12 13 14 15 16 17 18 19 |
---------------+----------------------------------------------------------+-----
Fighting       | 3 5 6 7 8 11 12 13 14 16 | 16.5
Throwing       | 5 6 7 9 10 11 12 13 14 15 16 | 16.2
Dodging        | 2 3 4 5 6 7 |  7.9
Maces & Flails | 1 3 4 7 9 11 12 13 14 15 16 18 | 18.0
Evocations     | 3 5 6 7 8 9 |  9.0
Armour         | 1 4 5 |  5.0
Stealth        | 2 4 |  4.0
Invocations    | 5 8 |  8.0
Translocations | 3 4 |  4.8
Spellcasting   | 3 |  3.4
Earth Magic    | 2 |  2.9
Transmutations | 2 |  2.8

Action                   |  1- 3 |  4- 6 |  7- 9 | 10-12 | 13-15 | 16-18 | 19-21 || total
-------------------------+-------+-------+-------+-------+-------+-------+-------++-------
Melee: Short sword       |    90 |   137 |       |       |       |       |       ||   227
       Trident           |       |    75 |       |       |       |       |       ||    75
       Whip              |       |    38 |   116 |       |       |       |       ||   154
       Flail             |       |       |    50 |    48 |       |       |       ||    98
       Falchion          |       |       |   145 |    94 |       |       |       ||   239
       Dire flail        |       |       |       |   544 |    56 |       |       ||   600
       Giant club        |       |       |       |       |   795 |  1049 |   116 ||  1960
Throw: Stone             |    24 |    25 |       |       |       |       |       ||    49
       Large rock        |     4 |       |     7 |    22 |    49 |     8 |     7 ||    97
       Throwing net      |     1 |       |       |     1 |       |       |       ||     2
       Dart              |       |     6 |     8 |    29 |       |       |       ||    43
       Javelin           |       |       |     9 |     4 |     7 |    18 |     1 ||    39
       Boomerang         |       |       |     1 |    98 |   110 |   215 |       ||   424
Invok: Shadow Step       |       |       |       |       |       |     2 |     2 ||     4
Evoke: Wand              |       |       |       |     2 |     2 |    10 |       ||    14
       Condenser vane    |       |       |       |     1 |     1 |       |     1 ||     3
       Lightning rod     |       |       |       |       |       |     8 |       ||     8
       Phantom mirror    |       |       |       |       |       |       |     1 ||     1
  Use: Potion            |       |     8 |     1 |    13 |     5 |     3 |     1 ||    31
       Scroll            |       |       |    14 |    12 |    25 |    13 |     1 ||    65
 Stab: Sleeping          |       |     6 |     4 |    13 |    18 |    51 |     3 ||    95
       Distracted        |       |       |     1 |     2 |     4 |     4 |       ||    11
       Held in net/web   |       |       |       |     1 |       |       |       ||     1
Armor: Robe              |    33 |    50 |    93 |       |       |       |       ||   176
       Skin              |       |    12 |       |       |       |       |       ||    12
       Steam dragon scal |       |       |    23 |   269 |   195 |       |       ||   487
       Swamp dragon scal |       |       |       |       |    36 |   294 |    59 ||   389
Dodge: Dodged            |    59 |   181 |   239 |   561 |   874 |   861 |    75 ||  2850
       Rpst.: Falchion   |       |       |    36 |    28 |       |       |       ||    64

Table legend: (Time is in decaauts)
 A = Elapsed time spent in this place.
 B = Non-inter-level travel time spent in this place.
 C = Inter-level travel time spent in this place.
 D = Time resting spent in this place.
 E = Time spent auto-exploring this place.
 F = Levels seen in this place.
 G = Mean time per level.
                   A        B        C        D        E       F      G
               +--------+--------+--------+--------+--------+-----+--------+
         Total |  49458 |  46095 |   3363 |   7056 |  30127 |  38 | 1301.5 |
       Dungeon |  20919 |  19523 |   1396 |   3003 |  12697 |  15 | 1394.6 |
        Temple |    220 |    210 |     10 |      0 |    195 |   1 |  220.0 |
          Lair |   9368 |   8270 |   1098 |    919 |   5900 |   6 | 1561.3 |
        Shoals |   5394 |   4984 |    410 |    796 |   3160 |   4 | 1348.5 |
     Snake Pit |   5982 |   5793 |    189 |   1268 |   3601 |   3 | 1994.0 |
  Orcish Mines |   2551 |   2411 |    140 |    565 |   1327 |   2 | 1275.5 |
   Elven Halls |   2368 |   2251 |    117 |    338 |   1448 |   2 | 1184.0 |
        Bazaar |     53 |     53 |      0 |      0 |     23 |   1 |   53.0 |
         Sewer |    668 |    668 |      0 |      0 |    494 |   1 |  668.0 |
       Ossuary |    410 |    410 |      0 |      0 |    240 |   1 |  410.0 |
      Ice Cave |    278 |    278 |      0 |    166 |      0 |   1 |  278.0 |
      Gauntlet |   1243 |   1243 |      0 |      0 |   1040 |   1 | 1243.0 |
               +--------+--------+--------+--------+--------+-----+--------+

Top non-repeatable levels by time:
    D:11: 3218 daAuts
 Snake:2: 2358 daAuts
 Snake:3: 2203 daAuts
Shoals:1: 1914 daAuts
  Lair:3: 1799 daAuts
     D:3: 1737 daAuts
  Lair:1: 1658 daAuts
  Lair:6: 1637 daAuts
     D:4: 1632 daAuts
  Lair:4: 1616 daAuts
     D:5: 1569 daAuts
Shoals:2: 1547 daAuts
   Elf:1: 1519 daAuts
   Orc:2: 1463 daAuts
    D:13: 1437 daAuts
